 Dungeon Crawl Stone Soup version 0.31.0-9-g3a7656b989 (webtiles) character file.

Game seed: 5074888613992223353

341123 RepoMan the Warrior (level 21, -24/185 HPs)
             Began as a Mummy Alchemist on Jan 26, 2024.
             Was a High Priest of Ashenzari.
             Annihilated by a spriggan berserker
             ... wielding a +0 quarterstaff
              (34 damage)
             ... on level 2 of the Depths on Jan 27, 2024.
             The game lasted 07:44:44 (66535 turns).

RepoMan the Warrior (Mummy Alchemist)              Turns: 66535, Time: 07:44:44

Health: -24/185    AC:  9    Str: 13    XL:     21   Next: 39%
Magic:  1/45       EV: 21    Int: 24    God:    Ashenzari [*****.]
Gold:   308        SH:  7    Dex:  9    Spells: 0/61 levels left

rFire   + . .        s - +8 whip "Snakebite" {venom, curare, rPois, Sorc, Cun} (curse)
rCold   + + .        v - +2 buckler "Perceptive Serendipity" {Self, Sorc} (curse)
rNeg    + + +        p - +2 robe "Gaze Upon Infinity" {rC+ rF+, Self, Cun} (curse)
rPois   ∞            V - +2 hood of the Assassin {Detect Stab+ Stlth++, Sorc, Elem} (curse)
rElec   +            E - +0 cloak "Gloom of Ashenzari" {Elem, Comp} (curse)
rCorr   .            b - +0 pair of gloves of Ashenzari's Black Moon {Bglg, Dev} (curse)
SInv    +            l - +0 pair of boots "Circumscribed Vision" {Fort, Range} (curse)
Will    ++...        k - amulet "Beunur" {+Blink rElec Regen+ Dex-3 Stlth-}
Stlth   ++++         B - ring "Perceptive Disgust" {EV+5, Sorc, Elem} (curse)
HPRegen 1.30/turn    J - ring of Supernal Knowledge {rF+, Self, Bglg} (curse)
MPRegen 0.29/turn

%: clarity, faith
@: about to teleport
A: cold resistance 1, negative energy resistance 3, torment resistance 2, heat
vulnerability 1, in touch with death 2, no potions, faith
}: 1/15 runes: gossamer
a: Renounce Religion, Evoke Blink, Curse Item, Shatter the Chains


You were on level 2 of the Depths.
You worshipped Ashenzari.
Ashenzari was extremely pleased with you.
You visited 9 branches of the dungeon, and saw 40 of its levels.
You visited the Abyss 1 time.
You also visited: Bailey and Ice Cave.

You collected 4950 gold pieces.
You spent 4642 gold pieces at shops.

Inventory:

Hand Weapons
 s - the cursed +8 whip "Snakebite" (weapon) {venom, curare, rPois, Sorc, Cun}
   (You found it on level 1 of the Lair of Beasts)

   rPois:     It protects you from poison It has a curse which improves the
   following skills: Sorcery: Conjurations and Alchemy.
   Cunning:   Dodging and Stealth.
 D - the +6 rapier "Plog" {antimagic, rElec rF+}
   (You found it on level 11 of the Dungeon)

   rF+:       It protects you from fire.
   rElec:     It insulates you from electricity.
Missiles
 d - 4 curare-tipped darts
 r - 44 poisoned darts
Armour
 a - a +3 troll leather armour {Snorg}
 b - the cursed +0 pair of gloves of Ashenzari's Black Moon (worn) {Bglg, Dev}
   (You found it on level 1 of the Dungeon)

   It has a curse which improves the following skills: Beguiling: Hexes and
   Translocations.
   Devices:   Evocations.
 l - the cursed +0 pair of boots "Circumscribed Vision" (worn) {Fort, Range}
   (You found it on level 9 of the Dungeon)

   It has a curse which improves the following skills: Fortitude: Armour and
   Shields.
   Ranged Combat: Ranged Weapons and Throwing.
 n - quicksilver dragon scales
 p - the cursed +2 robe "Gaze Upon Infinity" (worn) {rC+ rF+, Self, Cun}
   (You found it in an ice cave)

   It has a curse which improves the following skills: Introspection: Fighting
   and Spellcasting.
   Cunning:   Dodging and Stealth.
 v - the cursed +2 buckler "Perceptive Serendipity" (worn) {Self, Sorc}
   (You took it off a gnoll sergeant on level 8 of the Dungeon)

   It has a curse which improves the following skills: Introspection: Fighting
   and Spellcasting.
   Sorcery:   Conjurations and Alchemy.
 E - the cursed +0 cloak "Gloom of Ashenzari" (worn) {Elem, Comp}
   (You found it on level 2 of the Dungeon)

   It has a curse which improves the following skills: Elements: Fire Magic, Ice
   Magic, Air Magic and Earth Magic.
   Companions: Summonings and Necromancy.
 M - a +2 pair of boots
 O - a +2 crystal plate armour of cold resistance
 V - the cursed +2 hood of the Assassin (worn) {Detect Stab+ Stlth++, Sorc, Elem}
   (You found it on level 4 of the Spider Nest)

   Detect:    It allows the wearer to sense nearby creatures.
   Stab+:     It allows the wearer to make particularly effective stabbing
   attacks against helpless or unaware enemies with any weapon.
   Stlth++:   It makes you much more stealthy.
   It has a curse which improves the following skills: Sorcery: Conjurations and
   Alchemy.
   Elements:  Fire Magic, Ice Magic, Air Magic and Earth Magic.
 Z - the +7 chain mail "Coiruifau" {rElec rPois Str+3}
   (You took it off a deep elf high priest on level 3 of the Elven Halls)

   Str+3:     It affects your strength (+3).
   rElec:     It insulates you from electricity.
   rPois:     It protects you from poison
Magical Staves
 e - the staff of Hell's Wrath {rPois Str-3 Int+4 Conj Necro Alchemy}
   (You found it on level 3 of the Elven Halls)

   [staff of alchemy]

   Base accuracy: +5 Base damage: 5 Base attack delay: 1.2 This weapon's minimum
   attack delay (0.6) is reached at skill level 12.
   Str-3:     It affects your strength (-3).
   Int+4:     It affects your intelligence (+4).
   rPois:     It protects you from poison Conj: It increases the power of your
   Conjurations spells.
   Necro:     It increases the power of your Necromancy spells.
   Alchemy:   It increases the power of your Alchemy spells.
   It falls into the 'Staves' category.
   It is a one-handed weapon.
Jewellery
 h - a +6 ring of intelligence
 k - the amulet "Beunur" (around neck) {+Blink rElec Regen+ Dex-3 Stlth-}
   (You bought it in a shop on level 4 of the Vaults)

   [amulet of regeneration]

   Dex-3:     It affects your dexterity (-3).
   rElec:     It insulates you from electricity.
   +Blink:    It lets you blink.
   Regen+:    It increases your rate of health regeneration.
   Stlth-:    It makes you less stealthy.
 o - an amulet of magic regeneration
 y - a ring of resist corrosion
 A - an amulet of regeneration
 B - the cursed ring "Perceptive Disgust" (left hand) {EV+5, Sorc, Elem}
   (You found it on level 11 of the Dungeon)

   [ring of evasion]

   EV+5:      It affects your evasion (+5).
   It has a curse which improves the following skills: Sorcery: Conjurations and
   Alchemy.
   Elements:  Fire Magic, Ice Magic, Air Magic and Earth Magic.
 G - a ring of protection from cold
 H - a +4 ring of protection
 J - the cursed ring of Supernal Knowledge (right hand) {rF+, Self, Bglg}
   (You found it on level 1 of the Spider Nest)

   [ring of protection from fire]

   rF+:       It protects you from fire.
   It has a curse which improves the following skills: Introspection: Fighting
   and Spellcasting.
   Beguiling: Hexes and Translocations.
 U - the ring "Igha" {rC+ rCorr Int+4}
   (You found it on level 1 of the Depths)

   [ring of protection from cold]

   Int+4:     It affects your intelligence (+4).
   rC+:       It protects you from cold.
   rCorr:     It protects you from acid and corrosion.
Wands
 j - a wand of flame (22)
 m - a wand of paralysis (22)
 u - a wand of polymorph (30)
 z - a wand of mindburst (36)
 F - a wand of roots (27)
 X - a wand of light (6)
 Y - a wand of digging (2)
Scrolls
 c - 6 scrolls of fog
 f - 2 scrolls of immolation
 g - 8 scrolls of enchant armour
 i - a scroll of teleportation
 q - 7 scrolls of revelation
 t - 4 scrolls of poison
 x - a scroll of silence
 I - 4 scrolls of amnesia
 L - 3 scrolls of brand weapon
 S - 4 scrolls of enchant weapon
 T - a scroll of torment
Miscellaneous
 w - a phantom mirror
 N - a phial of floods (inert)
 P - a lightning rod (4/4)
 Q - a condenser vane
 R - a box of beasts


   Skills:
 + Level 16.8(20.8) Fighting
 - Level 13.0(16.1) Dodging
 - Level 4.4(7.3) Stealth
 + Level 6.2(8.4) Shields
 - Level 16.6(20.6) Spellcasting
 - Level 11.3(16.3) Conjurations
 - Level 0.7(2.2) Hexes
 - Level 1.0(3.2) Fire Magic
 * Level 16.0(20.0) Air Magic
 - Level 0.4(1.9) Earth Magic
 - Level 14.9(19.9) Alchemy
 + Level 6.1(8.3) Evocations


You couldn't memorise any spells.
You knew the following spells:

 Your Spells              Type           Power      Damage    Failure   Level
a - Stone Arrow           Conj/Erth      100%       3d13      1%          3
b - Blink                 Tloc           52%        N/A       2%          2
c - Mephitic Cloud        Conj/Alch/Air  86%        N/A       0%          3
e - Plasma Beam           Fire/Air       34%        2x1d47    2%          6
f - Fulminant Prism       Conj/Alch      42%        3d19      0%          4
g - Apportation           Tloc           52%        N/A       1%          1
j - Arcjolt               Conj/Air       42%        1d52      1%          5
m - Iskenderun's Mystic   Conj/Tloc      60%        2d13      1%          4
q - Sting                 Conj/Alch      100%       1d9       0%          1
s - Sticky Flame          Fire/Alch      69%        2d11      1%          4
t - Olgreb's Toxic Radia  Alch           88%        N/A       0%          4
x - Irradiate             Conj/Alch      42%        3d25      1%          5
y - Yara's Violent Unrav  Hex/Alch       33%        3d14      1%          5
M - Maxwell's Capacitive  Air            44%        ∞         3%          8
N - Eringya's Noxious Bo  Alch           44%        4d6       1%          6

Your spell library contained the following spells:

 Spells                   Type           Power      Damage    Failure   Level
 Magic Dart               Conj           100%       1d8       0%          1
 Mercury Vapours          Alch/Air       100%       N/A       0%          2
 Searing Ray              Conj           100%       2d8       0%          2
 Sandblast                Erth           66%        2d15      1%          1
 Slow                     Hex            100%       N/A       1%          1
 Jinxbite                 Hex            70%        N/A       1%          2
 Momentum Strike          Conj/Tloc      100%       3d10      1%          2
 Scorch                   Fire           80%        2d8       1%          2
 Brom's Barrelling Bould  Conj/Erth      62%        2d8       1%          4
 Petrify                  Alch/Erth      67%        N/A       1%          4
 Vhi's Electric Charge    Tloc/Air       100%       N/A       1%          4
 Alistair's Intoxication  Alch           58%        N/A       1%          5
 Freezing Cloud           Conj/Ice/Air   35%        6-21      1%          5
 Lesser Beckoning         Tloc           52%        N/A       2%          2
 Confusing Touch          Hex            35%        N/A       2%          3
 Inner Flame              Hex/Fire       37%        N/A       2%          3
 Sigil of Binding         Hex            35%        N/A       2%          3
 Call Imp                 Summ           52%        N/A       3%          2
 Passwall                 Erth           33%        N/A       3%          3
 Volatile Blastmotes      Fire/Tloc      66%        2d15      3%          3
 Gell's Gravitas          Tloc           26%        N/A       5%          3
 Ozocubu's Armour         Ice            27%        N/A       5%          3
 Teleport Other           Tloc           26%        N/A       5%          3
 Fugue of the Fallen      Necr           55%        N/A       6%          3
 Vampiric Draining        Necr           55%        2d9       6%          3
 Summon Blazeheart Golem  Fire/Summ      33%        N/A       11%         4
 Dimensional Bullseye     Hex/Tloc       15%        N/A       13%         4
 Animate Armour           Summ/Erth      60%        N/A       14%         4
 Manifold Assault         Tloc           26%        N/A       19%         4
 Martyr's Knell           Necr/Summ      55%        N/A       21%         4
 Borgnjor's Vile Clutch   Necr/Erth      30%        N/A       38%         5
 Summon Cactus Giant      Summ           13%        N/A       97%         6
 Lehudib's Crystal Spear  Conj/Erth      31%        10d8      98%         8
 Enfeeble                 Hex            17%        N/A       100%        7
 Haunt                    Necr/Summ      27%        N/A       100%        7
 Summon Hydra             Summ           13%        N/A       100%        7
 Infestation              Necr           27%        N/A       100%        8
 Sublimation of Blood     Necr           Unusable   N/A       N/A         2

Dungeon Overview and Level Annotations

Branches:
Dungeon (15/15)            Temple (1/1) D:4            Lair (5/5) D:9
  Swamp (4/4) Lair:2       Spider (4/4) Lair:2        Slime (0/5) Lair:4
    Orc (2/2) D:11            Elf (3/3) Orc:2        Vaults (4/5) D:13
  Crypt (0/3) Vaults:2     Depths (2/4) D:15         Bailey (visited)
  IceCv (visited)

Altars:
Ashenzari
Cheibriados
Dithmenos
Fedhas
Gozag
Hepliaklqana
Kikubaaqudgha
Makhleb
Nemelex Xobeh
Okawaru
Qazlal
Ru
Sif Muna
Trog
Uskayaw
Vehumet
Wu Jian
Xom
Yredelemnul
Jiyva

Shops:
D:1 [:   D:2 [   D:6 ([   D:10 =   D:14 !   Orc:1 ?   Orc:2 *=:*   Elf:1 *
Elf:2 ?=:=   Elf:3 [   Vaults:2 [[   Vaults:4 =

Portals:
Hell: Depths:1
Pandemonium: Depths:1
Trove: D:10 (give 5 scrolls of blinking)

Annotations:
D:2 Natasha
D:4 3 runed translucent doors, TangoThomas's ghost, novice MfSh
D:9 exclusion: downstairs
D:15 1 runed translucent door, Bananafolds's ghost, adept NaAl
Lair:5 1 exclusion
Swamp:4 Lernaean hydra
Spider:1 3 runed translucent doors, PanSaczeczos's ghost, adept FoDe
Spider:2 3 runed translucent doors, Aviun's ghost, adept SpEn; Louise; Roxanne
Elf:1 3 runed translucent doors, exclusion: downstairs
Elf:2 3 runed translucent doors
Vaults:1 1 runed translucent door, eruonna's ghost, veteran HOBe
Vaults:2 1 runed translucent door, deprived's ghost, veteran HOFi
Vaults:4 Mennas
Depths:1 3 runed translucent doors, Pikuto's ghost, adept MiBe; lmSkywalker's ghost, adept DrSh; qwarkbark's ghost, adept MiFi; tish's ghost, veteran DrHu


Innate Abilities, Weirdness & Mutations

You are immune to poison.
Your flesh is cold resistant. (rC+)
You are immune to negative energy. (rN+++)
You are immune to unholy pain and torment.
You are vulnerable to heat. (rF-)
You are strongly in touch with the powers of death.
You do not drink.
You have a special connection with the divine. (Faith)


Message History

The bolt of fire hits you! You resist.
You hear a loud crackle.
The rakshasa blinks!
As you read the scroll of teleportation, it crumbles to dust.
You feel strangely unstable. The rakshasa gestures at you.
The lance of force hits you!!
You are knocked back by the lance of force.
The fire giant points at you and mumbles some strange words.
The fireball explodes!
The fireball engulfs you!! You resist.
* * * LOW HITPOINT WARNING * * *
The spriggan berserker mumbles some strange prayers to Trog.
The spriggan berserker goes berserk!
Your fulminant prism explodes!
The blast of energy engulfs the fire giant!!
The fire giant is heavily wounded.
As you read the scroll of fog, it dissolves into smoke.
The glowing orange brain pulsates.
Something gnaws heavily on your mind!
* * * LOW HITPOINT WARNING * * *
You feel your power leaking away.
Unknown command.
The spriggan berserker hits you with a +0 quarterstaff!
* * * LOW HITPOINT WARNING * * *
The fire giant points at you and mumbles some strange words.
The bolt of fire hits you! You resist.
* * * LOW HITPOINT WARNING * * *
Unknown command.
Aiming: Paralyse
Press: ? - help, Shift-Dir - straight line, f - spriggan berserker
Aim: a spriggan berserker, wielding a +0 quarterstaff and wearing a +0 animal skin (blue smoke, berserk, regenerating, strong-willed, chance to affect: 0%)
Okay, then.
Unknown command.
Okay, then.
Unknown command.
Okay, then.
Unknown command.
Unknown command.
The spriggan berserker hits you with a +0 quarterstaff!!
You die...

##..C..........****
#....G............#
##Y................*
*#.D§#.............#*
#..####.....####...###* ####
##....###......#*
#....#........., ***
##§.............,
*.#####@i.§.....R.....,
#.....§§§§§§...{...>..,
*#......§§§§§...{......,
*........§§§§(...R.....,
***......).8§8{{{....C...,
**#....(......<..CCG...R...,
*............8.8...........,
##...........C..............,
#..#.............{..........,


You could see a spriggan berserker (berserk, regenerating, strong-willed).

Vanquished Creatures
  Margery (Vaults:3)
  A bone dragon (Vaults:2)
  Arachne (Spider:2)
  Jorgrun (Orc:1)
  Rupert (D:13)
  A deep elf blademaster (Elf:3)
  Asterion (Spider:2)
  2 sphinxes
  Agnes (D:14)
  2 deep elf master archers (Elf:3)
  2 tentacled starspawn (Abyss:2)
  A tengu reaver (Depths:2)
  Kirke (D:15)
  Aizul (Spider:1)
  2 fire giants
  10 deep elf sorcerers
  5 emperor scorpions (Spider:4)
  2 frost giants
  A deep elf elementalist (Elf:3)
  10 vault wardens
  5 ghost moths
  The ghost of esper6 the Thaumaturge, a journeyman GnNe of Cheibriados (Swamp:2)
  A quicksilver ooze (IceCv)
  5 very ugly things
  A formless jellyfish (Vaults:4)
  3 orc warlords
  15 ironbound preservers
  2 spriggan defenders (Depths:2)
  A ghoul (Swamp:2)
  A broodmother (Spider:4)
  12 ironbound thunderhulks
  6 deep elf demonologists (Elf:3)
  4 stone giants
  6 bunyips
  9 eleionomae
  5 deep elf annihilators
  4 deep elf death magi
  2 spark wasps
  A war gargoyle (Vaults:3)
  7 dire elephants
  4 ettins
  Snorg (D:14)
  3 green deaths
  2 entropy weavers
  4 crystal guardians (Vaults:3)
  3 fire dragons (Depths:1)
  9 yaktaur captains
  6 great orbs of eyes
  2 ice dragons
  A shambling mangrove (Swamp:2)
  A rakshasa (Depths:1)
  14 hydras
  6 deep elf high priests (Elf:3)
  A spriggan air mage (Depths:2)
  A jorogumo (Spider:2)
  5 radroaches
  2 ogre magi (D:15)
  8 centaur warriors
  6 vault guards
  2 ghost crabs
  7 alligators
  3 peacekeepers (Vaults:3)
  10 two-headed ogres
  6 ironbound frosthearts
  Erica (D:9)
  A catoblepas (Lair:5)
  7 boulder beetles
  15 dancing weapons
  3 deep troll shamans (Depths:1)
  9 death yaks (Lair:5)
  3 tengu warriors (D:15)
  A shock serpent (shapeshifter) (Vaults:3)
  7 demonic crawlers
  4 deep troll earth magi
  3 hell knights (Vaults:4)
  2 occultists (Depths:1)
  3 spriggan berserkers
  7 orc high priests
  Sonja (D:13)
  A soul eater (Depths:1)
  2 iron trolls (Depths:1)
  3 deep elf knights
  6 pharaoh ants
  2 skysharks
  A goliath frog (Swamp:2)
  5 glowing orange brains
  40 deep trolls
  8 arcanists
  A spriggan druid (Swamp:4)
  6 swamp dragons
  8 orb spiders
  6 bog bodies
  2 steelbarb worms
  5 deep elf archers
  18 deep elf zephyrmancers
  8 lindwurms
  4 sun moths
  11 ironbound convokers
  10 orc knights
  21 deep elf pyromancers
  An oklob plant (Lair:5)
  A phantasmal warrior (Vaults:4)
  5 harpies (Vaults:2)
  An orb spider (shapeshifter) (Depths:1)
  4 will-o-the-wisps
  31 ugly things
  11 wolf spiders
  9 orc sorcerers
  10 cyclopes
  4 manticores
  A worldbinder (Abyss:2)
  3 moths of wrath
  19 vault sentinels
  18 elephants
  A guardian serpent (Lair:5)
  6 torpor snails (Lair:5)
  11 black mambas
  4 kobold blastminers
  3 smoke demons (Abyss:2)
  2 ice statues (IceCv)
  2 unseen horrors
  4 komodo dragons
  2 large abominations
  11 cane toads
  2 rime drakes
  An efreet (D:15)
  2 freezing wraiths
  19 yaktaurs
  2 polar bears (shapeshifter) (D:13)
  3 polar bears
  11 trolls
  25 tarantellas
  21 hornets
  12 tyrant leeches
  8 blink frogs
  3 air elementals (Elf:1)
  18 jumping spiders
  81 slime creatures
  5 shadows
  A centaur simulacrum (D:15)
  9 spriggans
  2 vampires (D:12)
  22 culicivoras
  47 yaks
  5 water elementals
  A ynoxinul (Depths:1)
  A basilisk (shapeshifter) (Elf:2)
  12 wyverns
  4 basilisks
  6 hogs (D:15)
  3 wraiths
  2 starcursed masses (Abyss:2)
  2 fire elementals
  2 wargs (Orc:2)
  18 vampire mosquitoes
  A steam dragon (D:7)
  40 redbacks
  17 swamp worms
  3 great orb of eyes simulacra (IceCv)
  25 water moccasins
  An ice beast (D:7)
  53 orc warriors
  A swamp drake (Swamp:3)
  A black bear (shapeshifter) (D:15)
  2 black bears
  10 wolves (Lair:2)
  20 ogres
  4 small abominations
  13 centaurs
  4 slime creature simulacra (IceCv)
  Blork the orc (D:6)
  A phantom (D:7)
  3 kobold brigands
  14 bullfrogs
  4 scorpions
  A gnoll sergeant (D:8)
  3 earth elementals
  4 glowing shapeshifter simulacra (IceCv)
  8 wights
  4 killer bees (D:9)
  7 electric eels
  3 howler monkeys
  26 orc priests
  2 hounds (D:5)
  6 jellies
  2 iron imps (Abyss:2)
  26 orc wizards
  3 shapeshifter simulacra (IceCv)
  Robin (D:2)
  6 gnolls
  11 adders
  2 white imps
  2 ufetubi (D:5)
  A dart slug (D:4)
  A ribbon worm (D:2)
  101 orcs
  9 endoplasms
  3 giant cockroaches
  13 hobgoblins
  6 jackals (D:1)
  2 quokkas
  8 ball pythons
  2 bats (D:3)
  A frilled lizard (D:3)
  21 goblins
  16 kobolds
  2 rats
  A boulder (Swamp:2)
  10 fulminant prisms
  A lurking horror (Abyss:2)
  5 starspawn tentacles (Abyss:2)
1532 creatures vanquished.

Vanquished Creatures (collateral kills)
  Mlioglotl (Spider:1)
  A deep elf blademaster (Elf:3)
  An azure jelly (IceCv)
  A spark wasp (Spider:4)
  A bunyip (Swamp:4)
  A goliath frog (Swamp:4)
  A bog body (Swamp:4)
  11 boulders
18 creatures vanquished.

Vanquished Creatures (others)
  A glowing orange brain (Depths:1)
  An electric eel (D:12)
  15 boulders
  24 foxfires
  352 fulminant prisms
  2 starspawn tentacles (Abyss:2)
395 creatures vanquished.

Grand Total: 1945 creatures vanquished

Notes
Turn   | Place    | Note
-------+----------+-------------------------------------------
     0 | D:1      | RepoMan the Mummy Alchemist began the quest for the Orb.
     0 | D:1      | Reached XP level 1. HP: 13/13 MP: 4/4
    17 | D:1      | Found Wypnep's Vocational Training.
    65 | D:1      | Found a faded altar of an unknown god.
   187 | D:1      | Reached skill level 1 in Conjurations
   266 | D:1      | Reached XP level 2. HP: 19/19 MP: 3/5
   345 | D:1      | Found Gorghaak's Antique Armour Emporium.
   468 | D:1      | Learned a level 2 spell: Mercury Vapours
   766 | D:1      | Reached XP level 3. HP: 24/24 MP: 4/7
   898 | D:2      | Noticed Natasha
  1043 | D:2      | Found a burning altar of Makhleb.
  1130 | D:2      | Noticed Robin
  1554 | D:2      | Reached XP level 4. HP: 29/30 MP: 5/8
  1558 | D:2      | Learned a level 3 spell: Mephitic Cloud
  1583 | D:2      | Killed Robin
  1923 | D:2      | Found Homn's Armour Boutique.
  3022 | D:4      | Found a sparkling altar of Nemelex Xobeh.
  3278 | D:4      | Found a runed translucent gate.
  3278 | D:4      | Found a runed translucent gate.
  3279 | D:4      | Found a runed translucent gate.
  3279 | D:4      | Noticed an ogre
  3280 | D:4      | Noticed a phantom
  3283 | D:4      | Noticed TangoThomas's ghost (novice MfSh)
  3311 | D:4      | Reached XP level 5. HP: 31/35 MP: 7/9
  3569 | D:4      | Reached skill level 1 in Air Magic
  3745 | D:4      | Noticed an ogre
  3756 | D:4      | Killed an ogre
  3848 | D:4      | Found a staircase to the Ecumenical Temple.
  3869 | Temple   | Entered the Ecumenical Temple
  3891 | Temple   | Became a worshipper of Ashenzari the Shackled
  4177 | D:4      | Reached XP level 6. HP: 39/41 MP: 6/10
  4215 | D:4      | Reached skill level 5 in Alchemy
  4464 | D:5      | Entered Level 5 of the Dungeon
  5386 | D:5      | Reached XP level 7. HP: 46/46 MP: 1/11
  5474 | D:5      | Learned a level 4 spell: Olgreb's Toxic Radiance
  5483 | D:5      | Found a sacrificial altar of Ru.
  5671 | D:5      | Found a radiant altar of Vehumet.
  6647 | D:6      | Found Beli's Hydra Hut.
  6718 | D:6      | Noticed a six-headed hydra
  6801 | D:6      | Found Uthriutink's Armour Emporium.
  6810 | D:6      | Noticed Blork the orc
  6852 | D:6      | Reached * piety under Ashenzari
  7136 | D:6      | Reached XP level 8. HP: 52/52 MP: 5/14
  7504 | D:7      | Found a flagged portal.
  7511 | Bailey   | Entered a bailey
  7568 | Bailey   | Reached skill level 1 in Fighting
  7892 | Bailey   | Learned a level 4 spell: Sticky Flame
  8153 | Bailey   | Reached XP level 9. HP: 30/61 MP: 12/15
  8434 | Bailey   | Identified the +3 leather armour of the Evening {rN+
                  | Regen+}
  8438 | Bailey   | Identified Weana's Folio of the Spatial Graveyard
  8460 | Bailey   | Reached ** piety under Ashenzari
  8476 | Bailey   | Noticed an orc sorcerer
  8490 | Bailey   | Identified the +3 quarterstaff of Severance {heavy, rElec
                  | MP+9 Str+6 Dex-4}
  8589 | Bailey   | Found an iron altar of Okawaru.
  8619 | Bailey   | Reached skill level 10 in Alchemy
  8650 | Bailey   | Noticed an orc high priest
  8658 | Bailey   | Noticed an orange demon
  8667 | Bailey   | Killed an orc high priest
  9337 | D:7      | Found a shimmering blue altar of Sif Muna.
  9337 | D:7      | Noticed a troll
  9344 | D:7      | Killed a troll
  9765 | D:7      | Reached XP level 10. HP: 70/70 MP: 13/18
  9814 | D:8      | Reached *** piety under Ashenzari
  9995 | D:8      | Reached skill level 1 in Shields
 10531 | D:8      | Reached skill level 5 in Spellcasting
 11200 | D:9      | Noticed Erica
 11222 | D:9      | Killed Erica
 11532 | D:9      | Noticed a two-headed ogre
 11551 | D:9      | Killed a two-headed ogre
 11743 | D:9      | Identified the Thoughts on the Mountains and the Arsonist
 11822 | D:9      | Reached XP level 11. HP: 80/80 MP: 10/22
 12235 | D:9      | Found a staircase to the Lair.
 12379 | D:6      | Killed Blork the orc
 12503 | D:10     | Entered Level 10 of the Dungeon
 12559 | D:10     | Found Rotestri's Jewellery Boutique.
 12582 | D:10     | Noticed a two-headed ogre
 12763 | D:10     | Found a portal to a secret trove of treasure.
 12771 | D:10     | Reached **** piety under Ashenzari
 12868 | D:10     | Found a shimmering altar of Xom.
 13028 | D:10     | Reached skill level 5 in Fighting
 13176 | D:10     | Killed a two-headed ogre
 13363 | D:10     | Learned a level 3 spell: Stone Arrow
 13531 | D:11     | Noticed a boulder beetle
 13545 | D:11     | Killed a boulder beetle
 13655 | D:11     | Found a staircase to the Orcish Mines.
 13817 | D:11     | Noticed a two-headed ogre
 13832 | D:11     | Killed a two-headed ogre
 13969 | D:11     | Noticed a two-headed ogre
 13988 | D:11     | Killed a two-headed ogre
 14004 | D:11     | Identified the +6 rapier "Plog" {antimagic, rElec rF+}
 14450 | D:2      | Reached ***** piety under Ashenzari
 15279 | D:12     | Noticed a boulder beetle
 15544 | D:12     | Killed a boulder beetle
 15545 | D:12     | Reached XP level 12. HP: 97/97 MP: 15/28
 15866 | D:12     | Found a bloodstained altar of Trog.
 16245 | D:12     | Reached skill level 5 in Dodging
 16267 | D:12     | Noticed a two-headed ogre
 16275 | D:12     | Killed a two-headed ogre
 16276 | D:12     | Reached skill level 5 in Conjurations
 16426 | D:12     | Identified the +2 chain mail of Leuroi {+Inv rElec Dex+3}
 16599 | Lair:1   | Entered Level 1 of the Lair of Beasts
 17675 | Lair:1   | Found the +8 whip "Snakebite" {venom, curare, rPois}
 18114 | Lair:2   | Found a staircase to the Swamp.
 18144 | Lair:2   | Reached skill level 10 in Spellcasting
 18149 | Lair:2   | Gained mutation: You are strongly in touch with the powers
                  | of death. [Mummy growth]
 18149 | Lair:2   | Reached XP level 13. HP: 106/106 MP: 2/31
 18356 | Lair:2   | Found a hole to the Spider Nest.
 19527 | Lair:3   | Identified the +5 longbow of Zuninn {speed, Int+2 SInv}
 19953 | Lair:4   | Found a frozen archway.
 20124 | Lair:4   | Learned a level 2 spell: Scorch
 20181 | IceCv    | Entered an ice cave
 21952 | IceCv    | Found a viscous altar of Jiyva.
 21952 | IceCv    | Noticed an azure jelly
 21969 | IceCv    | Killed an azure jelly
 21981 | IceCv    | Noticed a quicksilver ooze
 21986 | IceCv    | Killed a quicksilver ooze
 22108 | Lair:4   | Found a staircase to the Slime Pits.
 22108 | Lair:4   | Found a viscous altar of Jiyva.
 22117 | Lair:4   | Reached XP level 14. HP: 118/118 MP: 21/34
 22414 | Lair:4   | Reached skill level 1 in Evocations
 22713 | Lair:5   | Entered Level 5 of the Lair of Beasts
 23624 | Lair:5   | Reached skill level 10 in Fighting
 24231 | Lair:5   | Reached skill level 10 in Dodging
 25143 | Orc:1    | Entered Level 1 of the Orcish Mines
 25152 | Orc:1    | Noticed Jorgrun
 25172 | Orc:1    | Killed Jorgrun
 25385 | Orc:1    | Found Waif's Magic Scroll Emporium.
 25388 | Orc:1    | Bought a scroll of revelation for 90 gold pieces
 25388 | Orc:1    | Bought a scroll of fear for 48 gold pieces
 25388 | Orc:1    | Bought a scroll of teleportation for 36 gold pieces
 25511 | Orc:1    | Reached XP level 15. HP: 131/131 MP: 14/35
 26055 | Orc:2    | Entered Level 2 of the Orcish Mines
 27116 | Orc:2    | Found Ruantug's Jewellery Boutique.
 27388 | Orc:2    | Found Atux's Assorted Antiques.
 27757 | Orc:2    | Found Deum's Book Boutique.
 27847 | Orc:2    | Found Pepodid's Assorted Antiques.
 28219 | Orc:2    | Found a staircase to the Elven Halls.
 28398 | Orc:2    | Bought a book of Party Tricks for 308 gold pieces
 28398 | Orc:2    | Bought a book of Misfortune for 476 gold pieces
 28398 | Orc:2    | Bought a book of Spatial Translocations for 252 gold pieces
 28404 | Orc:2    | Learned a level 5 spell: Yara's Violent Unravelling
 28407 | Orc:2    | Learned a level 2 spell: Blink
 28409 | Orc:2    | Learned a level 1 spell: Apportation
 28486 | D:13     | Noticed Sonja
 28493 | D:13     | Noticed Rupert
 28496 | D:13     | Killed Sonja
 28503 | D:13     | Killed Rupert
 28889 | D:13     | Found a gate to the Vaults.
 29152 | D:14     | Found Juikien's Distillery.
 29390 | D:14     | Reached skill level 15 in Fighting
 29392 | D:14     | Noticed Snorg
 29405 | D:14     | Killed Snorg
 29643 | D:14     | Noticed Agnes
 29670 | D:14     | Killed Agnes
 29807 | D:15     | Entered Level 15 of the Dungeon
 29999 | D:15     | Noticed Kirke
 30008 | D:15     | Reached XP level 16. HP: 123/146 MP: 13/37
 30354 | D:15     | Found a staircase to the Depths.
 30592 | D:15     | Killed Kirke
 31823 | D:15     | Found a runed translucent door.
 31824 | D:15     | Noticed Bananafolds's ghost (adept NaAl)
 31830 | D:15     | Identified the +3 spear of Vanity {heavy, Fly rElec rC+
                  | Dex-2}
 32030 | Spider:1 | Entered Level 1 of the Spider Nest
 32652 | Spider:1 | Found a runed translucent gate.
 32652 | Spider:1 | Found a runed translucent gate.
 32652 | Spider:1 | Found a runed translucent gate.
 32655 | Spider:1 | Noticed PanSaczeczos's ghost (adept FoDe)
 32656 | Spider:1 | Identified the +0 helmet of Purpose {+Inv}
 32656 | Spider:1 | Identified the amulet "Gichibrel" {rC+ Will+ Regen+}
 32779 | Spider:1 | Identified the serpent talisman of the Sultana {MP+9 Int+3
                  | Dex+3}
 32779 | Spider:1 | Noticed Aizul
 32788 | Spider:1 | Killed Aizul
 33069 | Spider:1 | Noticed Mlioglotl
 33072 | Spider:1 | Noticed a lich
 33083 | Spider:2 | Found a runed translucent gate.
 33084 | Spider:2 | Found a runed translucent gate.
 33084 | Spider:2 | Found a runed translucent gate.
 33084 | Spider:2 | Noticed Aviun's ghost (adept SpEn)
 33423 | Spider:1 | Killed Mlioglotl
 33874 | Spider:1 | Learned a level 4 spell: Brom's Barrelling Boulder
 33985 | Spider:2 | Noticed Arachne
 34270 | Spider:2 | Killed Arachne
 34581 | Spider:2 | Noticed Roxanne
 34599 | Spider:2 | Noticed Louise
 34851 | Orc:2    | Bought a book of Blasting for 392 gold pieces
 34856 | Orc:2    | Learned a level 4 spell: Iskenderun's Mystic Blast
 34971 | Swamp:1  | Entered Level 1 of the Swamp
 35216 | Lair:2   | Reached skill level 15 in Spellcasting
 35224 | Lair:2   | Learned a level 4 spell: Fulminant Prism
 36434 | Swamp:2  | Found a runed translucent door.
 36439 | Swamp:2  | Noticed esper6's ghost (journeyman GnNe)
 36467 | Swamp:2  | Killed esper6's ghost
 36920 | Swamp:2  | Reached XP level 17. HP: 151/158 MP: 14/41
 39474 | Swamp:4  | Entered Level 4 of the Swamp
 40861 | Swamp:4  | Noticed the 27-headed Lernaean hydra
 41363 | Spider:3 | Reached skill level 10 in Conjurations
 41374 | Spider:3 | Noticed Asterion
 42105 | Spider:2 | Killed Asterion
 43228 | Spider:4 | Entered Level 4 of the Spider Nest
 43452 | Spider:4 | Reached XP level 18. HP: 132/166 MP: 21/43
 43641 | Spider:4 | Reached skill level 5 in Evocations
 45170 | Spider:4 | Found the +2 hood of the Assassin {Detect Stab+ Stlth++}
 45186 | Spider:4 | Got a gossamer rune of Zot
 45236 | Spider:4 | Reached ****** piety under Ashenzari
 45458 | Spider:4 | Identified the +0 robe "Mizxefog" {rN+}
 46178 | Elf:1    | Entered Level 1 of the Elven Halls
 46617 | Elf:1    | Paralysed by an air elemental for 1 turns
 47075 | Elf:1    | Found a runed translucent gate.
 47075 | Elf:1    | Found a runed translucent gate.
 47075 | Elf:1    | Found a runed translucent gate.
 47078 | Elf:1    | Noticed a tentacled monstrosity
 47080 | Elf:1    | Noticed a tentacled monstrosity
 47082 | Elf:1    | Noticed a tentacled monstrosity
 47697 | Elf:1    | Paralysed by an air elemental for 1 turns
 47699 | Elf:1    | Paralysed by an air elemental for 1 turns
 48021 | Elf:1    | Identified Lorpheriph's Vellum of Familiar Combat Magic
 48191 | Elf:1    | Found Ullo's Assorted Antiques.
 48552 | Elf:2    | Paralysed by an air elemental for 1 turns
 49126 | Elf:2    | Found a shimmering blue altar of Sif Muna.
 49182 | Elf:2    | Found Tain's Jewellery Shop.
 49183 | Elf:2    | Found Seqadin's Book Emporium.
 49184 | Elf:2    | Found Xaqeth's Jewellery Shop.
 49195 | Elf:2    | Bought a book of Transmutation for 420 gold pieces
 49195 | Elf:2    | Bought Maxwell's Memoranda for 600 gold pieces
 49195 | Elf:2    | Bought Great Wizards, Vol. II for 570 gold pieces
 49201 | Elf:2    | Learned a level 5 spell: Irradiate
 49208 | Elf:2    | Learned a level 6 spell: Eringya's Noxious Bog
 49214 | Elf:2    | Learned a level 5 spell: Arcjolt
 49253 | Elf:2    | Found Kostid's Magic Scroll Shop.
 49567 | Elf:2    | Found a runed translucent gate.
 49567 | Elf:2    | Found a runed translucent gate.
 49568 | Elf:2    | Found a runed translucent gate.
 50029 | Elf:3    | Entered Level 3 of the Elven Halls
 50330 | Elf:3    | Found Veoxtaf's Armour Shop.
 50336 | Elf:3    | Identified the +11 quarterstaff of Chagrin {freeze, ^Drain
                  | +Blink rElec Dex+4}
 50622 | Elf:3    | Identified the +4 flail "Xattashro" {freeze, rPois}
 50943 | Elf:3    | Identified the +5 dire flail "Kaops" {freeze, +Blink rC-
                  | Int+9 Dex-5}
 51352 | Elf:3    | Noticed a Tzitzimitl
 51388 | Elf:3    | Reached XP level 19. HP: 164/174 MP: 3/45
 51907 | Elf:3    | Identified the +7 chain mail "Coiruifau" {rElec rPois
                  | Str+3}
 52144 | Elf:3    | Reached skill level 5 in Air Magic
 52380 | Abyss:2  | Cast into level 2 of the Abyss (a deep elf sorcerer)
 52388 | Abyss:2  | Found a corrupted altar of Lugonu.
 52412 | Abyss:2  | Found a runed translucent gate.
 52412 | Abyss:2  | Found a runed translucent gate.
 52412 | Abyss:2  | Found a runed translucent gate.
 52414 | Abyss:2  | Found a runed translucent gate.
 52414 | Abyss:2  | Found a runed translucent gate.
 52414 | Abyss:2  | Found a runed translucent gate.
 52414 | Abyss:2  | Found a runed translucent gate.
 52414 | Abyss:2  | Found a runed translucent gate.
 52414 | Abyss:2  | Found a runed translucent gate.
 52582 | Abyss:2  | Found a corrupted altar of Lugonu.
 52589 | Abyss:2  | Found a corrupted altar of Lugonu.
 52589 | Abyss:2  | Found a corrupted altar of Lugonu.
 52687 | Abyss:2  | Found a runed translucent gate.
 52687 | Abyss:2  | Found a runed translucent gate.
 52687 | Abyss:2  | Found a runed translucent gate.
 52739 | Abyss:2  | Found a corrupted altar of Lugonu.
 52963 | Abyss:2  | Noticed a bone dragon
 52981 | Abyss:2  | Found a corrupted altar of Lugonu.
 53110 | Elf:3    | Escaped the Abyss
 53776 | Elf:3    | Identified the ring "Nacser" {Str+7 SInv}
 53822 | Elf:3    | Identified the staff of Hell's Wrath {rPois Str-3 Int+4
                  | Conj Necro Alchemy}
 53861 | Elf:3    | Identified the Collected Works on the Assistive Torch
 53864 | Elf:3    | Identified Qinn's Elucidation of Space
 53893 | Elf:3    | Learned a level 6 spell: Plasma Beam
 53898 | Elf:3    | Identified Moet's Tractate on Darkness and Misfortune
 54168 | Elf:2    | Bought a scroll of fear for 56 gold pieces
 54248 | Elf:1    | Bought a masterwork rapier for 351 gold pieces
 54248 | Elf:1    | Identified the +5 rapier of Iconoclasm {protect, MP+9} (You
                  | bought it in a shop on level 1 of the Elven Halls)
 54451 | Vaults:1 | Entered Level 1 of the Vaults
 54549 | Vaults:1 | Reached skill level 1 in Fire Magic
 55960 | Vaults:1 | Found a runed translucent door.
 55960 | Vaults:1 | Identified the +8 falchion "Noixuaxka" {drain, rN+ Dex-5
                  | Stlth+}
 55960 | Vaults:1 | Noticed eruonna's ghost (veteran HOBe)
 56283 | Vaults:1 | Identified the +2 chain mail of the Dolphin {Str+3}
 56835 | Vaults:2 | Found Bukeegot's Antique Armour Emporium.
 56860 | Vaults:2 | Bought a jewelled scale mail for 351 gold pieces
 56860 | Vaults:2 | Identified the +1 scale mail of Tender Moments {Harm} (You
                  | bought it in a shop on level 2 of the Vaults)
 56875 | Vaults:2 | Found a runed translucent door.
 56875 | Vaults:2 | Noticed deprived's ghost (veteran HOFi)
 57070 | Vaults:2 | Found Biuss's Armour Emporium.
 57185 | Vaults:2 | Reached skill level 10 in Air Magic
 58313 | Vaults:2 | Noticed a bone dragon
 58345 | Vaults:2 | Learned a level 8 spell: Maxwell's Capacitive Coupling
 58456 | Vaults:2 | Killed a bone dragon
 58496 | Vaults:2 | Found a staircase to the Crypt.
 58517 | Vaults:2 | Reached XP level 20. HP: 182/182 MP: 39/46
 62699 | Vaults:4 | Noticed Margery
 63226 | Vaults:3 | Killed Margery
 63487 | Vaults:4 | Found Ysegiler's Jewellery Boutique.
 63717 | Vaults:4 | Bought the amulet "Beunur" {+Blink rElec Regen+ Dex-3
                  | Stlth-} for 692 gold pieces
 63832 | Vaults:4 | Reached skill level 15 in Air Magic
 63861 | Vaults:4 | Noticed Mennas
 64123 | Depths:1 | Entered Level 1 of the Depths
 64123 | Depths:1 | Found a gateway to Hell.
 64133 | Depths:1 | Reached skill level 5 in Shields
 64141 | Depths:1 | Reached XP level 21. HP: 159/184 MP: 1/45
 64302 | Depths:1 | Found a runed translucent gate.
 64304 | Depths:1 | Found a runed translucent gate.
 64305 | Depths:1 | Found a runed translucent gate.
 65074 | Depths:1 | Identified the ring "Igha" {rC+ rCorr Int+4}
 65392 | Depths:1 | Found a one-way gate leading to the halls of Pandemonium.
 65676 | Depths:1 | Noticed qwarkbark's ghost (adept MiFi)
 65676 | Depths:1 | Noticed Pikuto's ghost (adept MiBe)
 65678 | Depths:1 | Noticed lmSkywalker's ghost (adept DrSh)
 65679 | Depths:1 | Noticed tish's ghost (veteran DrHu)
 66534 | Depths:2 | HP: 9/185 [fire giant/bolt of fire (13)]
 66535 | Depths:2 | Annihilated by a spriggan berserker

Illustrated notes

Levels and vault maps discovered:
D:1:      ncdulo_watergridlock, layout_rooms, shapermc_ecumenical_altar_ellora,
          serial_shops, shop_statue, serial_glass, glass_columns_a,
          glass_columns_a, nicolae_shop_vocational
D:2:      layout_basic, serial_shops, nicolae_shop_crystal, basic_altar,
          roderic_serpentine_path, uniq_robin, uniq_natasha
D:3:      layout_loops_corners
D:4:      layout_cave_pods, nemelex_spade_bored_becter, temple_doors_e,
          gammafunk_ghost_split, minmay_distorted
D:5:      layout_loops_ring, fiery_altar_vehumet, mainiacjoe_overflow_alcove_1,
          lemuel_coloured_pillars_altar, serial_co_window_serial,
          co_window_paths_a, co_window_corner_a, co_window_corner_a,
          co_window_corner_a, co_window_corner_a, co_window_corner_cb,
          co_window_of_opportunity_b, co_window_2corner,
          co_window_of_opportunity_c, co_window_4corner_b, glass_columns_a,
          glass_columns_b, dreamdust_princess_corridor,
          hangedman_abyss_or_decor_slice
D:6:      layout_rooms, serial_shops, shop, doesnt_shop_hydraphobe,
          uniq_blork_the_orc
D:7:      layout_gridville, hellmonk_sif_muna_bookshelves, enter_bailey_2
D:8:      layout_rooms
D:9:      layout_basic, lair_entry_dummy, uniq_erica
D:10:     layout_rooms, regret_index_xom_buried_treasure, serial_shops, shop,
          nicolae_trove_entry_isolated
D:11:     layout_irregular_city, orc_0_dummy
D:12:     layout_irregular_city, nicolae_water_bricks, trog_three_pillars_becter
D:13:     layout_basic, hellmonk_vaults_order_and_chaos, uniq_rupert, uniq_sonja
D:14:     layout_cross, serial_shops, kennysheep_mini, uniq_agnes, uniq_snorg
D:15:     hellmonk_depths_entry_around_the_bend, layout_basic,
          grunt_decor_junction, ebering_ghost_funeral_grove, uniq_kirke
Temple:   kb_temple_of_zot
Lair:1:   minmay_guarded_unrand_snakebite, layout_chaotic_city
Lair:2:   layout_chaotic_city, minmay_swamp_entry_swarm,
          nicolae_spider_entry_lesser_pyramids
Lair:3:   layout_chaotic_city
Lair:4:   layout_misc_corridors, nicolae_slime_entry_field_trip,
          portal_ice_cave_entry_pillars_2
Lair:5:   wormcave, layout_big_grid, hangedman_lair_tendril_chambers,
          serial_bayou_pond_e, serial_bayou_lagoon_a
Swamp:1:  layout_basic_swamp, evilmike_swamp_ruin_rubble_2
Swamp:2:  nicolae_swamp_wrong_neighborhood, layout_falls_marsh,
          ebering_ghost_inner_flame, hangedman_swamp_ruin_wall, swamp_pool_1_2,
          worms_lemuel, infiniplex_staircase_pool
Swamp:3:  layout_basic_swamp, serial_swamp_ruin, evilmike_swamp_ruin_house_5,
          evilmike_swamp_ruin_house_1
Swamp:4:  swamp_vile, layout_basic_swamp, nicolae_swamp_decorative_isthmus
Spider:1: layout_spider_delve, gammafunk_ghost_tricky_traps, uniq_mlioglotl,
          uniq_aizul
Spider:2: layout_chambers, gammafunk_ghost_split,
          hangedman_spider_tarantella_strand, uniq_arachne, uniq_roxanne,
          uniq_louise
Spider:3: layout_spider_delve, guppyfry_spider_mini_3, uniq_asterion
Spider:4: grunt_spider_rune_parallel, hellmonk_motheaten_closet
Orc:1:    layout_caves, serial_shops, nicolae_shop_rolled_up, uniq_jorgrun
Orc:2:    pubby_orc_utopia
Elf:1:    layout_onion_city, ploomutoo_gammafunk_ghost_potion_laboratory,
          serial_shops, shop, minmay_elf_sorcery
Elf:2:    elven_hall_of_blades_hangedman_original
          [infiniplex_blade_entry_pillars], layout_loops_corners, serial_shops,
          nicolae_shop_window_shopping, basic_altar, minmay_shop_grove
Elf:3:    minmay_elf_hall_not_hex, layout_geoelf_diagonals, serial_shops,
          nicolae_shop_mannequins
Vaults:1: gammafunk_ghost_grave, vaults_room_pools,
          nicolae_vaults_shipping_containers_5, ontoclasm_vaults_eye,
          vaults_room_door_ring, hangedman_vaults_impose,
          nicolae_vaults_turnstiles, ontoclasm_vaults_idyll,
          nicolae_vaults_tetromino_Z_2, layout_vaults_omnigrid
Vaults:2: hellmonk_ghost_happy_afterlife, v_misc_30, ontoclasm_vaults_twist,
          nicolae_vaults_closet_pinwheel_3, minmay_crypt_entry_nasty_monster,
          hangedman_vaults_corner, v_misc_26, nicolae_vaults_hallways_thing,
          nicolae_vaults_taking_the_gang_shopping, nicolae_vaults_double_plus_1,
          layout_vaults_big_room, serial_shops, shop
Vaults:3: nicolae_vaults_tetromino_Z_1, nicolae_vaults_closet_pinwheel_1,
          v_misc_25, nicolae_vaults_bisected_inception, hangedman_vaults_locks,
          v_alt_pattern_1, v_misc_5, nicolae_vaults_oval_intersection,
          vaults_room_boxed, nicolae_vaults_hexular_roomagon,
          vaults_room_corners, nicolae_vaults_theta, v_pattern_3,
          ontoclasm_vaults_decontamination, vaults_room_semicircle,
          layout_vaults_ring
Vaults:4: st_lines, vaults_standard_mumra_x, nicolae_vaults_spaceships,
          vaults_room_ringed_pool, nicolae_vaults_network_square,
          nicolae_vaults_big_angled_halls, nicolae_vaults_storage_room_statues,
          nicolae_vaults_closet_pinwheel_3, nicolae_vaults_tetromino_T_1,
          layout_vaults_omnibox, serial_shops, nicolae_shop_gaudy_bauble,
          uniq_mennas, uniq_margery
Depths:1: layout_cave_pools, gammafunk_ghost_cemetery, rand_demon_pan_entry_5,
          hangedman_decor_push, hell_entry, elyvilon_altar_3
Depths:2: regret_index_dithmenos_brocken_genspenst, layout_cave_shapes,
          pan_entry, grunt_dithmenos_smoke_and_mirrors, lightli_too_deep,
          abyss_entry, nicolae_ru_the_path_less_chosen,
          minmay_staircase_statues, minmay_shop_star

Skill      XL: |  1  2  3  4  5  6  7  8  9 10 11 12 13 14 15 16 17 18 19 20 21 |
---------------+----------------------------------------------------------------+-----
Conjurations   | 1 2 4 6 7 8 9 10 11 | 11.3
Alchemy        | 3 4 5 7 9 10 11 12 13 14 | 14.9
Air Magic      | 1 2 4 11 15 16 | 16.0
Spellcasting   | 3 4 6 8 10 12 13 15 16 | 16.6
Fighting       | 1 2 4 5 6 9 12 15 16 | 16.8
Dodging        | 3 4 6 8 10 11 13 | 13.0
Shields        | 4 5 6 |  6.2
Evocations     | 1 4 5 6 |  6.1
Stealth        | 4 |  4.4
Fire Magic     | 1 |  1.0
Hexes          | |  0.7
Earth Magic    | |  0.4

Action                     |  1- 3 |  4- 6 |  7- 9 | 10-12 | 13-15 | 16-18 | 19-21 || total
---------------------------+-------+-------+-------+-------+-------+-------+-------++-------
  Melee: Rapier            |    28 |    11 |       |       |       |       |       ||    39
         Short sword       |       |    35 |    12 |       |       |       |       ||    47
         Dagger            |       |       |    26 |   111 |       |       |       ||   137
         Punch             |       |       |     1 |       |       |       |       ||     1
         Whip              |       |       |       |    16 |   366 |   431 |   351 ||  1164
  Throw: Boomerang         |       |     2 |     9 |     4 |    17 |     1 |       ||    33
         Throwing net      |       |     2 |       |     2 |       |       |       ||     4
         Dart              |       |       |     8 |     2 |     1 |     9 |     2 ||    22
   Cast: Sting             |    68 |   108 |   106 |   170 |    47 |    34 |     2 ||   535
         Mercury Vapours   |       |     2 |     5 |     9 |     1 |     9 |       ||    26
         Mephitic Cloud    |       |    13 |    25 |    53 |   103 |    81 |    69 ||   344
         Olgreb's Toxic Ra |       |       |    13 |    54 |   145 |   225 |    76 ||   513
         Sticky Flame      |       |       |     5 |    56 |    82 |    93 |    25 ||   261
         Stone Arrow       |       |       |       |    29 |   208 |   220 |    54 ||   511
         Fulminant Prism   |       |       |       |       |       |   236 |   126 ||   362
         Brom's Barrelling |       |       |       |       |       |    39 |       ||    39
         Iskenderun's Myst |       |       |       |       |       |    67 |    13 ||    80
         Scorch            |       |       |       |       |       |     5 |       ||     5
         Blink             |       |       |       |       |       |    10 |     6 ||    16
         Yara's Violent Un |       |       |       |       |       |    10 |    32 ||    42
         Irradiate         |       |       |       |       |       |     3 |    32 ||    35
         Apportation       |       |       |       |       |       |     1 |     6 ||     7
         Plasma Beam       |       |       |       |       |       |       |    79 ||    79
         Arcjolt           |       |       |       |       |       |       |    53 ||    53
         Eringya's Noxious |       |       |       |       |       |       |    38 ||    38
         Maxwell's Capacit |       |       |       |       |       |       |     8 ||     8
 Invoke: Curse Item        |       |     1 |     3 |     6 |     1 |     3 |       ||    14
         Shatter the Chain |       |       |       |     2 |       |     2 |     1 ||     5
  Evoke: Wand              |       |       |       |     9 |    25 |    60 |     8 ||   102
         Condenser vane    |       |       |       |       |     2 |     3 |     1 ||     6
         Phial of floods   |       |       |       |       |     2 |     4 |     2 ||     8
         Lightning rod     |       |       |       |       |       |    10 |     1 ||    11
         Phantom mirror    |       |       |       |       |       |     3 |     1 ||     4
         Box of beasts     |       |       |       |       |       |     3 |       ||     3
    Use: Scroll            |       |     3 |     3 |     1 |    12 |    20 |    20 ||    59
   Stab: Sleeping          |     1 |     1 |       |       |       |     1 |     9 ||    12
         Confused          |       |     1 |     1 |     7 |    13 |    10 |    23 ||    55
         Paralysed         |       |       |       |       |       |     9 |       ||     9
         Distracted        |       |       |       |       |       |       |     2 ||     2
 Armour: Robe              |    15 |    29 |    35 |       |       |   375 |   209 ||   663
         Leather armour    |       |       |     6 |    62 |   156 |     2 |       ||   226
  Dodge: Dodged            |    17 |    24 |    43 |    87 |   265 |   552 |   298 ||  1286
  Block: Other             |       |    10 |    16 |       |       |       |       ||    26
         Reflection        |       |     1 |     1 |     3 |    33 |    21 |    13 ||    72
         Buckler           |       |       |       |   118 |   238 |   425 |   221 ||  1002
